[ PARTIDA AOE2 · #507364457 ]
UnrankedBúlgaros vs Magyars
Equipo del jugador · DERR
Equipo rival · VICT
[ ANÁLISIS DE REPETICIÓN · EXTRAÍDO DE LA PARTIDA GRABADA ]
Feudal
8:51
Castillos
18:42
Imperial
37:08
| APM promedio | 84.0 |
| APM pico | 122 |
| eAPM promedio | 52.7 |
| Aldeanos / militares | 195 / 201 |
Foco
⚔️ 59.4% · 🌾 40.6%
Cavalry Archer ×107 · Skirmisher ×40 · Scout Cavalry ×32 · Militia ×7 · Trebuchet (Packed) ×7 · Scorpion ×4
Feudal
9:16
Castillos
19:18
Imperial
37:27
| APM promedio | 64.3 |
| APM pico | 105 |
| eAPM promedio | 33.9 |
| Aldeanos / militares | 152 / 165 |
Foco
⚔️ 48.1% · 🌾 51.9%
Cavalry Archer ×99 · Magyar Huszar ×46 · Monk ×10 · Militia ×5 · Trebuchet (Packed) ×2 · Knight ×1
Mapa de la partida
Recursos iniciales + cada clic de construcción. Líneas = muros · curvas = relieve. ◆ oro · ⬟ piedra · ● bayas · ✦ reliquia · ◌ hueco del cierre
Tu base· Abierta — flanco sin cerrar
Base de TAG_MbL_· ✓ Cerrada en 19:18 · 45t muro · 1 puerta(s)
Terreno inicial suavizado · ◌ = hueco del cierre detectado · pasá el cursor para detalles
Inputs por minuto
— wR.Prisma - - TAG_MbL_
Build order — wR.Prisma
Primeras 150 de 669 acciones detectadas
| 0:00 | Encolar | Villager (Male) |
| 0:02 | Construir | House |
| 0:02 | Construir | House |
| 0:13 | Encolar | Villager (Male) |
| 0:20 | Encolar | Villager (Male) |
| 0:24 | Encolar | Villager (Male) |
| 1:33 | Encolar | Villager (Male) |
| 1:53 | Encolar | Villager (Male) |
| 2:12 | Construir | Lumber Camp |
| 2:18 | Encolar | Villager (Male) |
| 2:37 | Encolar | Villager (Male) |
| 3:13 | Encolar | Villager (Male) |
| 3:16 | Encolar | Villager (Male) |
| 3:39 | Construir | House |
| 3:40 | Construir | House |
| 3:48 | Encolar | Villager (Male) |
| 4:05 | Encolar | Villager (Male) |
| 4:28 | Encolar | Villager (Male) |
| 4:34 | Encolar | Villager (Male) |
| 4:48 | Encolar | Villager (Male) |
| 5:15 | Encolar | Villager (Male) |
| 5:22 | Construir | Barracks |
| 5:24 | Encolar | Villager (Male) |
| 5:40 | Encolar | Villager (Male) |
| 5:52 | Encolar | Villager (Male) |
| 6:11 | Investigar | Loom |
| 6:12 | Investigar | Loom |
| 6:41 | Investigar | Feudal Age |
| 6:41 | Investigar | Feudal Age |
| 7:02 | Encolar | Militia |
| 7:02 | Encolar | Militia |
| 7:07 | Construir | Lumber Camp |
| 7:29 | Encolar | Militia |
| 7:29 | Encolar | Militia |
| 7:42 | Encolar | Villager (Male) |
| 7:50 | Encolar | Militia |
| 7:50 | Encolar | Militia |
| 7:53 | Construir | Mill |
| 8:12 | Encolar | Villager (Male) |
| 8:19 | Construir | Palisade Wall |
| 8:21 | Construir | Palisade Wall |
| 8:23 | Construir | Palisade Wall |
| 8:24 | Construir | Palisade Wall |
| 8:36 | Construir | House |
| 8:51 | Edad | Edad Feudal |
| 8:53 | Investigar | Double-Bit Axe |
| 9:01 | Construir | Palisade Wall |
| 9:02 | Construir | Palisade Wall |
| 9:03 | Construir | Palisade Wall |
| 9:08 | Encolar | Villager (Male) |
| 9:18 | Construir | Palisade Wall |
| 9:27 | Construir | Palisade Wall |
| 9:33 | Encolar | Villager (Male) |
| 9:36 | Construir | Palisade Wall |
| 10:04 | Encolar | Villager (Male) |
| 10:09 | Construir | Palisade Wall |
| 10:10 | Construir | Palisade Wall |
| 10:22 | Investigar | Horse Collar |
| 10:22 | Investigar | Horse Collar |
| 10:24 | Construir | Farm |
| 10:25 | Construir | Farm |
| 10:26 | Construir | Farm |
| 10:39 | Encolar | Villager (Male) |
| 10:40 | Construir | Farm |
| 10:45 | Construir | House |
| 11:15 | Encolar | Villager (Male) |
| 11:17 | Construir | Farm |
| 11:17 | Construir | Farm |
| 11:28 | Encolar | Villager (Male) |
| 11:29 | Construir | Farm |
| 11:31 | Construir | Farm |
| 11:33 | Encolar | Villager (Male) |
| 11:52 | Construir | Farm |
| 11:54 | Encolar | Villager (Male) |
| 11:58 | Construir | House |
| 12:01 | Construir | House |
| 12:07 | Encolar | Villager (Male) |
| 12:12 | Encolar | Villager (Male) |
| 12:14 | Construir | Farm |
| 12:23 | Construir | Palisade Gate |
| 12:30 | Construir | Palisade Wall |
| 12:33 | Construir | Palisade Wall |
| 12:34 | Encolar | Villager (Male) |
| 12:48 | Construir | Farm |
| 12:53 | Encolar | Villager (Male) |
| 12:54 | Construir | Farm |
| 12:58 | Encolar | Villager (Male) |
| 13:03 | Construir | House |
| 13:07 | Construir | Mining Camp |
| 13:09 | Construir | Mining Camp |
| 13:11 | Encolar | Villager (Male) |
| 13:15 | Construir | House |
| 13:50 | Construir | Blacksmith |
| 13:53 | Encolar | Villager (Male) |
| 13:56 | Construir | Blacksmith |
| 14:07 | Encolar | Villager (Male) |
| 14:08 | Encolar | Villager (Male) |
| 14:24 | Construir | Farm |
| 14:26 | Encolar | Villager (Male) |
| 14:37 | Construir | Farm |
| 14:44 | Encolar | Villager (Male) |
| 14:47 | Construir | Palisade Wall |
| 14:57 | Encolar | Villager (Male) |
| 15:11 | Construir | Archery Range |
| 15:26 | Construir | Farm |
| 16:02 | Investigar | Castle Age |
| 16:11 | Construir | Archery Range |
| 16:34 | Investigar | Gold Mining |
| 16:35 | Investigar | Gold Mining |
| 16:42 | Encolar | Villager (Male) |
| 16:52 | Encolar | Militia |
| 17:08 | Encolar | Villager (Male) |
| 17:18 | Construir | Stable |
| 17:29 | Investigar | Fletching |
| 17:50 | Encolar | Villager (Male) |
| 18:11 | Investigar | Bloodlines |
| 18:38 | Encolar | Villager (Male) |
| 18:42 | Edad | Edad de los Castillos |
| 18:45 | Encolar | Cavalry Archer |
| 18:45 | Encolar | Cavalry Archer |
| 18:45 | Investigar | Bodkin Arrow |
| 18:50 | Encolar | Villager (Male) |
| 19:01 | Encolar | Cavalry Archer |
| 19:06 | Encolar | Villager (Male) |
| 19:09 | Construir | University |
| 19:32 | Encolar | Cavalry Archer |
| 19:32 | Investigar | Bow Saw |
| 19:33 | Investigar | Bow Saw |
| 19:36 | Encolar | Cavalry Archer |
| 19:36 | Encolar | Cavalry Archer |
| 19:47 | Encolar | Villager (Male) |
| 19:49 | Investigar | Husbandry |
| 19:49 | Investigar | Husbandry |
| 19:50 | Encolar | Villager (Male) |
| 19:55 | Encolar | Cavalry Archer |
| 20:03 | Encolar | Villager (Male) |
| 20:08 | Investigar | Padded Archer Armor |
| 20:13 | Investigar | Wheelbarrow |
| 20:13 | Investigar | Wheelbarrow |
| 20:25 | Encolar | Villager (Male) |
| 20:26 | Encolar | Cavalry Archer |
| 20:41 | Encolar | Cavalry Archer |
| 21:13 | Encolar | Villager (Male) |
| 21:18 | Encolar | Cavalry Archer |
| 21:39 | Investigar | Ballistics |
| 21:39 | Investigar | Ballistics |
| 21:39 | Encolar | Villager (Male) |
| 22:04 | Encolar | Villager (Male) |
| 22:09 | Construir | Town Center |
| 22:14 | Construir | House |
Build order — TAG_MbL_
Primeras 150 de 555 acciones detectadas
| 0:00 | Encolar | Villager (Male) ×4 |
| 0:01 | Construir | House |
| 0:02 | Construir | House |
| 1:18 | Encolar | Villager (Male) |
| 1:49 | Construir | Lumber Camp |
| 1:58 | Encolar | Villager (Male) |
| 1:59 | Encolar | Villager (Male) |
| 2:28 | Encolar | Villager (Male) |
| 2:55 | Encolar | Villager (Male) |
| 2:55 | Encolar | Villager (Male) |
| 3:12 | Encolar | Villager (Male) |
| 3:12 | Encolar | Villager (Male) |
| 3:37 | Construir | House |
| 3:38 | Construir | House |
| 3:55 | Encolar | Villager (Male) |
| 3:59 | Encolar | Villager (Male) |
| 3:59 | Encolar | Villager (Male) |
| 4:22 | Construir | Palisade Wall |
| 4:36 | Encolar | Villager (Male) |
| 4:46 | Construir | House |
| 5:03 | Encolar | Villager (Male) |
| 5:39 | Construir | Mill |
| 5:50 | Construir | Palisade Wall |
| 6:00 | Encolar | Villager (Male) |
| 6:24 | Investigar | Loom |
| 6:24 | Investigar | Loom |
| 6:52 | Construir | Palisade Wall |
| 6:57 | Construir | Palisade Wall |
| 6:59 | Construir | Palisade Wall |
| 7:03 | Investigar | Feudal Age |
| 7:03 | Investigar | Feudal Age |
| 7:15 | Construir | Palisade Wall |
| 8:02 | Construir | Barracks |
| 8:29 | Construir | House |
| 8:46 | Construir | Mining Camp |
| 8:51 | Encolar | Militia |
| 8:51 | Encolar | Militia |
| 8:52 | Encolar | Militia |
| 8:59 | Encolar | Villager (Male) |
| 9:16 | Edad | Edad Feudal |
| 9:17 | Encolar | Militia |
| 9:18 | Encolar | Militia |
| 9:19 | Encolar | Villager (Male) |
| 9:54 | Encolar | Villager (Male) |
| 10:09 | Investigar | Man-at-Arms (upgrade) |
| 10:09 | Investigar | Man-at-Arms (upgrade) |
| 10:12 | Construir | Farm |
| 10:15 | Construir | Farm |
| 10:17 | Encolar | Villager (Male) |
| 10:43 | Construir | Farm |
| 11:01 | Encolar | Villager (Male) |
| 11:16 | Encolar | Villager (Male) |
| 11:18 | Construir | Farm |
| 11:32 | Construir | Farm |
| 11:35 | Construir | Farm |
| 11:35 | Encolar | Villager (Male) |
| 11:39 | Investigar | Double-Bit Axe |
| 11:56 | Construir | Farm |
| 12:00 | Encolar | Villager (Male) |
| 12:16 | Construir | Farm |
| 12:43 | Encolar | Villager (Male) |
| 12:50 | Encolar | Spearman |
| 12:53 | Construir | Farm |
| 12:55 | Construir | Farm |
| 13:01 | Encolar | Villager (Male) |
| 13:07 | Investigar | Horse Collar |
| 13:07 | Investigar | Horse Collar |
| 13:26 | Encolar | Villager (Male) |
| 13:32 | Construir | Farm |
| 13:35 | Construir | Farm |
| 13:44 | Construir | House |
| 14:01 | Encolar | Villager (Male) |
| 14:08 | Encolar | Villager (Male) |
| 14:23 | Construir | Archery Range |
| 14:44 | Encolar | Villager (Male) |
| 14:58 | Construir | Blacksmith |
| 15:02 | Encolar | Villager (Male) |
| 15:38 | Construir | Lumber Camp |
| 15:42 | Encolar | Villager (Male) |
| 15:51 | Construir | Palisade Gate |
| 15:52 | Construir | Palisade Wall |
| 16:07 | Encolar | Villager (Male) |
| 16:38 | Investigar | Castle Age |
| 16:38 | Investigar | Castle Age |
| 16:41 | Construir | House |
| 16:48 | Construir | Archery Range |
| 17:04 | Construir | Stable |
| 17:29 | Construir | Lumber Camp |
| 17:51 | Investigar | Fletching |
| 17:51 | Investigar | Fletching |
| 17:52 | Encolar | Scout Cavalry |
| 17:59 | Investigar | Bloodlines |
| 18:00 | Investigar | Bloodlines |
| 18:04 | Investigar | Gold Mining |
| 18:06 | Encolar | Villager (Male) |
| 18:32 | Construir | House |
| 18:35 | Construir | House |
| 19:01 | Investigar | Padded Archer Armor |
| 19:05 | Investigar | Bloodlines |
| 19:09 | Encolar | Villager (Male) |
| 19:18 | Edad | Edad de los Castillos |
| 19:22 | Encolar | Cavalry Archer |
| 19:22 | Encolar | Cavalry Archer |
| 19:26 | Construir | Town Center |
| 19:26 | Encolar | Villager (Male) |
| 19:36 | Investigar | Bow Saw |
| 19:36 | Investigar | Bow Saw |
| 19:38 | Encolar | Cavalry Archer |
| 19:38 | Encolar | Cavalry Archer |
| 19:39 | Encolar | Villager (Male) |
| 19:58 | Encolar | Villager (Male) |
| 20:04 | Construir | Monastery |
| 20:20 | Encolar | Villager (Male) |
| 20:33 | Encolar | Cavalry Archer |
| 20:33 | Encolar | Cavalry Archer |
| 20:38 | Construir | Farm |
| 20:39 | Construir | Farm |
| 20:39 | Encolar | Villager (Male) |
| 20:46 | Encolar | Villager (Male) |
| 20:49 | Encolar | Monk |
| 20:49 | Encolar | Monk |
| 20:52 | Construir | Farm |
| 20:53 | Encolar | Villager (Male) |
| 20:57 | Encolar | Villager (Male) |
| 21:05 | Construir | Farm |
| 21:06 | Construir | Farm |
| 21:13 | Encolar | Villager (Male) |
| 21:18 | Construir | Farm |
| 21:20 | Encolar | Cavalry Archer |
| 21:21 | Encolar | Cavalry Archer |
| 21:23 | Encolar | Villager (Male) |
| 21:32 | Encolar | Villager (Male) |
| 21:40 | Construir | Farm |
| 21:54 | Encolar | Villager (Male) |
| 22:09 | Construir | Town Center |
| 22:11 | Encolar | Villager (Male) |
| 22:12 | Encolar | Villager (Male) |
| 22:13 | Encolar | Villager (Male) |
| 22:22 | Encolar | Monk |
| 22:24 | Encolar | Cavalry Archer |
| 22:24 | Encolar | Cavalry Archer |
| 22:26 | Encolar | Villager (Male) |
| 22:29 | Construir | House |
| 22:41 | Investigar | Wheelbarrow |
| 22:42 | Investigar | Wheelbarrow |
| 22:43 | Encolar | Villager (Male) |
| 22:45 | Encolar | Villager (Male) |
| 22:59 | Construir | House |
| 23:01 | Construir | House |
| 23:03 | Construir | House |
Cronología de la partida
| 4:22 | TAG_MbL_ · wall_segment Palisade Wall x4 |
| 5:22 | wR.Prisma · first_building Barracks |
| 5:50 | TAG_MbL_ · wall_segment Palisade Wall x14 |
| 6:52 | TAG_MbL_ · wall_segment Palisade Wall x7 |
| 6:57 | TAG_MbL_ · wall_segment Palisade Wall x7 |
| 6:59 | TAG_MbL_ · wall_segment Palisade Wall x6 |
| 7:15 | TAG_MbL_ · wall_segment Palisade Wall x7 |
| 8:02 | TAG_MbL_ · first_building Barracks |
| 8:19 | wR.Prisma · wall_segment Palisade Wall x10 |
| 8:21 | wR.Prisma · wall_segment Palisade Wall x3 |
| 8:23 | wR.Prisma · wall_segment Palisade Wall x2 |
| 8:24 | wR.Prisma · wall_segment Palisade Wall x1 |
| 8:51 | wR.Prisma · age_up feudal |
| 9:01 | wR.Prisma · wall_segment Palisade Wall x3 |
| 9:02 | wR.Prisma · wall_segment Palisade Wall x2 |
| 9:03 | wR.Prisma · wall_segment Palisade Wall x1 |
| 9:16 | TAG_MbL_ · age_up feudal |
| 9:18 | wR.Prisma · wall_segment Palisade Wall x5 |
| 9:27 | wR.Prisma · wall_segment Palisade Wall x2 |
| 9:36 | wR.Prisma · wall_segment Palisade Wall x1 |
| 10:09 | wR.Prisma · wall_segment Palisade Wall x4 |
| 10:10 | wR.Prisma · wall_segment Palisade Wall x7 |
| 12:30 | wR.Prisma · wall_segment Palisade Wall x1 |
| 12:33 | wR.Prisma · wall_segment Palisade Wall x1 |
| 14:23 | TAG_MbL_ · first_building Archery Range |
| 14:47 | wR.Prisma · wall_segment Palisade Wall x1 |
| 15:11 | wR.Prisma · first_building Archery Range |
| 15:52 | TAG_MbL_ · wall_segment Palisade Wall x1 |
| 17:04 | TAG_MbL_ · first_building Stable |
| 17:18 | wR.Prisma · first_building Stable |
| 18:42 | wR.Prisma · age_up castle |
| 19:18 | TAG_MbL_ · age_up castle |
| 20:04 | TAG_MbL_ · first_building Monastery |
| 22:36 | wR.Prisma · wall_segment Palisade Wall x1 |
| 24:12 | wR.Prisma · wall_segment Palisade Wall x1 |
| 26:42 | wR.Prisma · first_building Monastery |
| 32:07 | wR.Prisma · first_building Siege Workshop |
| 33:04 | TAG_MbL_ · first_building Castle |
| 34:20 | wR.Prisma · first_building Krepost |
| 37:08 | wR.Prisma · age_up imperial |
| 37:27 | TAG_MbL_ · age_up imperial |
| 38:01 | wR.Prisma · first_market_buy 100 stone |
| 38:08 | wR.Prisma · first_building Castle |
| 38:22 | TAG_MbL_ · wall_segment Stone Wall x4 |
| 38:30 | TAG_MbL_ · wall_segment Palisade Wall x1 |
| 38:30 | TAG_MbL_ · wall_segment Palisade Wall x1 |
| 38:36 | wR.Prisma · first_market_sell 100 wood |
| 40:00 | TAG_MbL_ · first_market_sell 100 food |
| 40:25 | TAG_MbL_ · first_market_buy 100 wood |
| 43:50 | wR.Prisma · wall_segment Stone Wall x8 |
| 45:26 | wR.Prisma · resign |
[ ANÁLISIS IA · 1 CRÉDITO ]
¿Qué pasó realmente en esta partida?
Wolo.gg analiza cada decisión: build order, eco, micro, errores típicos por bracket. Análisis personalizado por WhatsApp o Discord en 30 segundos.
Guía civ
Búlgaros
Perfil
Jugador #3176045